Map: Blueshift LE

Players

DnS - Winner!

  • Race: Protoss Protoss
  • Spawn Location: 1:00

Probe

  • Race: Protoss Protoss
  • Spawn Location: 7:00

Event: WCS Montreal 2018

VOD

Have the link to the VOD?

Description

Time

  • Played on: Sept. 7, 2018, 6:27 p.m.
  • Length: 13:08

All games in this series

Show
View Real Time Build Order
Export as new Build Order

DnS Protoss - Winner!

Build Orders: Oracle Opening, Archon Immortal, Zealot Archon 

Get SALT Encoding   

  12  0:00  Probe  
  13  0:12  Probe  
  14  0:17  Pylon  
  14  0:24  Probe  
  15  0:32  Probe  
  15  0:38  Gateway  
  15  0:40  Probe  
  16  0:46  Assimilator  
  17  0:51  Probe  
  17  0:54  Assimilator  
  18  0:59  Probe  
  19  1:07  Gateway, Probe  
  20  1:17  Probe  
  20  1:25  Cybernetics Core  
  21  1:29  Probe  
  22  1:35  Pylon  
  22  1:41  Probe  
  23  1:53  Probe  
  24  2:01  Stalker, Warp Gate  
  24  2:02  Stalker  
  28  2:12  Pylon  
  28  2:30  Stargate  
  28  2:31  Adept  
  28  2:32  Adept  
  31  2:58  Nexus  
  31  3:04  Oracle  
  31  3:09  Shield Battery  
  31  3:18  Probe  
  35  3:29  Pylon  
  35  3:30  Probe  
  35  3:31  Oracle  
  39  3:47  Probe  
  40  3:54  Robotics Facility  
  36  4:02  Probe  
  36  4:08  Probe  
  37  4:10  Probe  
  37  4:16  Probe  
  39  4:18  Sentry  
  39  4:19  Shield Battery, Probe  
  39  4:24  Stalker  
  45  4:26  Probe  
  45  4:29  Probe  
  47  4:39  Immortal, Probe  
  52  4:49  Stalker  
  52  4:52  Stalker  
  56  4:54  Probe  
  56  4:56  Probe  
  58  5:03  Forge  
  58  5:06  Probe  
  59  5:08  Probe  
  59  5:12  Observer  
  61  5:22  Protoss Ground Weapons Level 1, Twilight Council, Assimilator  
  61  5:23  Probe, Assimilator  
  61  5:27  Pylon  
  62  5:45  Immortal, Probe x2  
  68  5:50  Pylon  
  68  5:57  Probe x2  
  67  6:07  Gateway  
  67  6:08  Gateway  
  67  6:09  Probe x2  
  69  6:13  Charge  
  69  6:24  Immortal  
  69  6:25  Pylon  
  73  6:31  Templar Archives  
  73  6:36  Gateway  
  73  6:38  Gateway  
  73  6:39  Pylon  
  73  6:43  Zealot  
  73  6:46  Zealot  
  77  6:50  Pylon  
  77  7:01  Gateway  
  77  7:02  Gateway  
  77  7:10  High Templar x2  
  77  7:11  Zealot x2  
  85  7:16  Archon  
  85  7:19  Protoss Ground Weapons Level 2  
  85  7:21  Pylon  
  85  7:43  Immortal, Zealot  
  85  7:44  Zealot  
  91  7:57  High Templar x2  
  91  8:01  Archon  
  91  8:05  Zealot  
  93  8:08  Pylon  
  93  8:11  Pylon  
  89  8:17  Zealot x3  
  89  8:18  Immortal  
  84  8:24  Phoenix  
  86  8:36  Pylon  
  86  8:38  High Templar x2  
  86  8:39  Zealot x4  
  98  8:42  Archon  
  96  8:59  Nexus  
  96  9:02  Pylon  
  96  9:04  Nexus  
  96  9:11  Phoenix  
  96  9:12  Stargate  
  98  9:22  Probe x2  
  100  9:31  Phoenix  
  100  9:34  Probe  
  101  9:38  Protoss Ground Weapons Level 3  
  101  9:39  Probe  
  101  9:42  Pylon  
  102  9:46  Pylon  
  102  9:50  Immortal, Phoenix  
  106  9:56  Phoenix  
  110  10:02  Pylon  
  106  10:16  Phoenix  
  106  10:18  Probe x3  
  109  10:23  Assimilator  
  109  10:24  Phoenix  
  109  10:25  Assimilator  
  111  10:33  Immortal  
  113  10:46  Zealot x4  
  113  10:47  Phoenix, Probe, Zealot  
  124  10:55  Phoenix  
  126  11:02  Protoss Air Weapons Level 1  
  128  11:10  High Templar  
  128  11:11  High Templar  
  130  11:12  Probe x3  
  130  11:15  Archon  
  125  11:27  Zealot x5  
  135  11:36  Probe x2  
  135  11:38  Phoenix  
  135  11:40  Phoenix  
  143  11:55  High Templar x2  
  143  11:57  Phoenix  
  143  11:58  Probe  
  143  11:59  Pylon  
  143  12:01  Archon  
  148  12:02  Probe  
  151  12:12  Pylon  
  151  12:13  Phoenix  
  151  12:14  Warp Prism  
  149  12:20  High Templar x2, Zealot x2  
  159  12:22  Pylon  
  159  12:24  Phoenix  
  159  12:25  Archon  
  159  12:36  Photon Cannon  
  159  12:37  Photon Cannon  
  161  12:42  Pylon  
  137  12:52  Zealot x5  
  137  12:57  Zealot  
  139  13:02  Zealot  
Show
View Real Time Build Order
Export as new Build Order

Probe Protoss 

Build Orders: Blink Stalkers 

Get SALT Encoding   

  12  0:00  Probe  
  13  0:13  Probe  
  14  0:20  Pylon  
  14  0:25  Probe  
  15  0:34  Probe  
  15  0:38  Gateway  
  15  0:42  Probe  
  16  0:47  Assimilator  
  17  0:52  Probe  
  17  0:56  Assimilator  
  18  1:00  Probe  
  18  1:08  Gateway, Probe  
  20  1:19  Probe  
  21  1:26  Cybernetics Core  
  21  1:31  Probe  
  22  1:34  Pylon  
  22  1:43  Probe  
  23  1:55  Warp Gate, Probe  
  24  2:02  Stalker  
  24  2:03  Sentry  
  28  2:13  Pylon  
  28  2:25  Pylon  
  28  2:29  Stalker  
  30  2:42  Nexus  
  30  2:48  Twilight Council  
  30  2:52  Probe  
  30  2:58  Stalker  
  33  3:08  Shield Battery  
  33  3:14  Blink  
  33  3:16  Probe  
  33  3:19  Pylon  
  34  3:30  Pylon  
  34  3:37  Probe  
  34  3:41  Shield Battery  
  34  3:49  Probe  
  33  3:58  Probe  
  33  3:59  Probe  
  33  4:02  Stalker x2  
  39  4:06  Probe  
  39  4:08  Probe  
  38  4:16  Probe  
  38  4:17  Probe  
  42  4:25  Robotics Facility  
  42  4:27  Probe  
  42  4:28  Probe  
  39  4:39  Probe  
  39  4:40  Probe  
  39  4:48  Stalker  
  39  4:49  Probe  
  42  4:53  Stalker  
  42  4:56  Probe  
  42  4:57  Probe  
  45  5:04  Phoenix  
  45  5:05  Probe  
  45  5:06  Probe  
  46  5:13  Observer  
  49  5:14  Probe  
  49  5:17  Probe  
  51  5:22  Probe  
  51  5:26  Stalker x2  
  56  5:29  Probe  
  56  5:34  Probe  
  58  5:36  Assimilator  
  58  5:40  Pylon  
  58  5:42  Probe  
  59  5:46  Probe  
  60  5:53  Sentry  
  60  5:56  Pylon  
  62  5:58  Probe x2  
  64  6:07  Sentry  
  68  6:11  Gateway  
  68  6:13  Gateway  
  68  6:14  Gateway  
  68  6:17  Gateway  
  68  6:18  Warp Prism  
  68  6:23  Assimilator  
  68  6:31  Probe x2  
  70  6:33  Stalker  
  70  6:34  Stalker  
  74  6:41  Pylon  
  74  6:42  Pylon  
  74  6:50  Probe x2  
  76  7:02  Stalker x2  
  80  7:10  Pylon  
  80  7:11  Pylon  
  80  7:12  Stalker x3  
  86  7:21  Pylon  
  84  7:35  Stalker x3  
  90  7:40  Stalker  
  80  7:59  Stalker x4  
  80  8:01  Sentry  
  90  8:11  Sentry  
  74  8:26  Warp Prism  
  72  8:27  Probe x2  
  72  8:32  Robotics Bay  
  72  8:33  Robotics Facility  
  74  8:39  Sentry, Probe  
  74  8:40  Probe  
  78  8:49  Observer  
  78  8:54  Stalker x3  
  78  8:55  Zealot  
  82  9:21  Disruptor  
  82  9:26  Disruptor  
  82  9:27  Nexus  
  86  9:34  Stalker  
  86  9:35  Stalker  
  90  9:45  Disruptor  
  89  9:47  Pylon  
  89  9:53  Disruptor  
  95  10:17  Forge  
  95  10:21  Adept x4, Disruptor  
  98  10:28  Adept x2, Disruptor  
  110  10:33  Shield Battery  
  113  10:38  Protoss Ground Weapons Level 1  
  113  10:54  Probe  
  113  10:56  Disruptor  
  115  10:58  Probe  
  115  11:01  Robotics Facility  
  115  11:02  Probe  
  117  11:06  Probe x2  
  117  11:09  Adept  
  107  11:33  Disruptor x2  
  107  11:39  Stalker x5  
  123  11:42  Disruptor  
  117  11:48  Assimilator  
  117  11:50  Pylon, Assimilator  
  120  12:00  Zealot  
  122  12:02  Disruptor  
  125  12:22  Stalker x3  
  129  12:32  Disruptor  
  130  12:37  Zealot x3  
  130  12:38  Nexus  
  112  12:57  Stalker x3  
Tags
 
Add a new tag
Caveats
  • Supply blocks, unpowered buildings, or Contaminate may cause inaccurate times.
  • Supply counts are checked every 10 seconds.